| TOP OF THE 1ST |
|
Lake County Captains batting - Pitching for West Michigan Whitecaps : RHP Dale Gilbert
|
|
Pitching: RHP Dale Gilbert
|
|
|
Batting: RHB Steve Gusman
|
0-0: Ball 1-0: Ball 2-0: Ground out 5-3 (Groundball, 56S, EV 65.0 MPH)
|
|
Batting: RHB David Schweitzer
|
0-0: Ball 1-0: Ball 2-0: Foul Ball, location: 2F 2-1: Ball 3-1: Foul Ball, location: 2F 3-2: Foul Ball, location: 2F 3-2: Base on Balls
|
|
Batting: LHB Devon Grant
|
0-0: Ball 1-0: Ball 2-0: Fly out, F9 (Line Drive, 9, EV 109.4 MPH)
|
|
Batting: LHB Danny Moreno
|
0-0: Ball David Schweitzer is caught stealing 2nd base 2-6
|
| Top of the 1st over - 0 runs, 0 hits, 0 errors, 0 left on base; Lake County 0 - West Michigan 0 |
| BOTTOM OF THE 1ST |
|
West Michigan Whitecaps batting - Pitching for Lake County Captains : RHP Gilbert Paparelli
|
|
Pitching: RHP Gilbert Paparelli
|
|
|
Batting: RHB Jon Goldstein
|
0-0: Ball 1-0: SINGLE (Groundball, 4MS, EV 74.4 MPH) (infield hit)
|
|
Batting: SHB Willie Medina
|
0-0: Foul Ball, location: 2F 0-1: Ball 1-1: Fly out, F5 (Popup, 5S, EV 80.0 MPH)
|
|
Batting: LHB George Moran
|
0-0: Grounds into double play, 4-6-3 (Groundball, 4M, EV 80.6 MPH)
|
| Bottom of the 1st over - 0 runs, 1 hit, 0 errors, 0 left on base; Lake County 0 - West Michigan 0 |
| TOP OF THE 2ND |
|
Lake County Captains batting - Pitching for West Michigan Whitecaps : RHP Dale Gilbert
|
|
Batting: LHB Danny Moreno
|
0-0: Called Strike 0-1: Swinging Strike 0-2: Strikes out swinging, 2-3 out at first.
|
|
Batting: RHB Ricky Butts
|
0-0: Ball 1-0: Fly out, F7 (Line Drive, 7S, EV 101.9 MPH)
|
|
Batting: RHB Josh Stinnett
|
0-0: Called Strike 0-1: Foul Ball, location: 2F 0-2: Ball 1-2: Ball 2-2: Foul Ball, location: 2F 2-2: Strikes out swinging
|
| Top of the 2nd over - 0 runs, 0 hits, 0 errors, 0 left on base; Lake County 0 - West Michigan 0 |
| BOTTOM OF THE 2ND |
|
West Michigan Whitecaps batting - Pitching for Lake County Captains : RHP Gilbert Paparelli
|
|
Batting: RHB Dave Calder
|
0-0: Called Strike 0-1: Ball 1-1: Ball 2-1: Foul Ball, location: 2F 2-2: Strikes out swinging
|
|
Batting: LHB Brad Gaskill
|
0-0: Called Strike 0-1: Ball 1-1: Swinging Strike 1-2: Ball 2-2: Strikes out looking
|
|
Batting: SHB Chris Wagler
|
0-0: Ball 1-0: Called Strike 1-1: Ball 2-1: Foul Ball, location: 2F 2-2: Strikes out swinging
|
| Bottom of the 2nd over - 0 runs, 0 hits, 0 errors, 0 left on base; Lake County 0 - West Michigan 0 |
| TOP OF THE 3RD |
|
Lake County Captains batting - Pitching for West Michigan Whitecaps : RHP Dale Gilbert
|
|
Batting: RHB Shane Smith
|
0-0: Ball 1-0: Ball 2-0: Foul Ball, location: 2F 2-1: Called Strike 2-2: DOUBLE (Line Drive, 89M, EV 90.0 MPH)
|
|
Batting: RHB Vij Ramamani
|
0-0: Ball 1-0: Foul Ball, location: 2F 1-1: Called Strike 1-2: Foul Ball, location: 2F 1-2: Ball Wild Pitch! Shane Smith to third 2-2: Foul Ball, location: 2F 2-2: Fly out, F9 (Flyball, 89M, EV 86.2 MPH)
|
|
Batting: RHB Gashie Chimsima
|
0-0: Ball 1-0: Foul Ball, location: 2F 1-1: Ball 2-1: Swinging Strike 2-2: Strikes out swinging
|
|
Batting: RHB Steve Gusman
|
0-0: Called Strike 0-1: Ball 1-1: Ground out 5-3 (Groundball, 56S, EV 84.4 MPH)
|
| Top of the 3rd over - 0 runs, 1 hit, 0 errors, 1 left on base; Lake County 0 - West Michigan 0 |
| BOTTOM OF THE 3RD |
|
West Michigan Whitecaps batting - Pitching for Lake County Captains : RHP Gilbert Paparelli
|
|
Batting: RHB Tony Nunez
|
0-0: Called Strike 0-1: Ball 1-1: Fly out, F3 (Popup, 3SF, EV 75.6 MPH)
|
|
Batting: RHB Jamie Villagrana
|
0-0: Called Strike 0-1: Ball 1-1: Called Strike 1-2: Ball 2-2: Foul Ball, location: 2F 2-2: Ball 3-2: Strikes out swinging
|
|
Batting: RHB Ernst Meloche
|
0-0: Called Strike 0-1: Foul Ball, location: 2F 0-2: Fly out, F6 (Popup, 4MS, EV 66.9 MPH)
|
| Bottom of the 3rd over - 0 runs, 0 hits, 0 errors, 0 left on base; Lake County 0 - West Michigan 0 |
| TOP OF THE 4TH |
|
Lake County Captains batting - Pitching for West Michigan Whitecaps : RHP Dale Gilbert
|
|
Batting: RHB David Schweitzer
|
0-0: Ball 1-0: Ball 2-0: Ball 3-0: Base on Balls
|
|
Batting: LHB Devon Grant
|
0-0: Called Strike 0-1: Foul Ball, location: 2F 0-2: Ball 1-2: Fly out, F8 (Flyball, 8LM, EV 86.9 MPH)
|
|
Batting: LHB Danny Moreno
|
0-0: Foul Ball, location: 2F 0-1: Ball 1-1: Ball 2-1: Ball 3-1: Swinging Strike 3-2: Base on Balls David Schweitzer to second
|
|
Batting: RHB Ricky Butts
|
0-0: Ball 1-0: Called Strike 1-1: Swinging Strike 1-2: Strikes out swinging
|
|
Batting: RHB Josh Stinnett
|
0-0: Ball 1-0: Called Strike 1-1: Ball 2-1: Swinging Strike 2-2: Ball 3-2: Foul Ball, location: 2F 3-2: Fly out, F9 (Flyball, 9, EV 76.2 MPH)
|
| Top of the 4th over - 0 runs, 0 hits, 0 errors, 2 left on base; Lake County 0 - West Michigan 0 |
| BOTTOM OF THE 4TH |
|
West Michigan Whitecaps batting - Pitching for Lake County Captains : RHP Gilbert Paparelli
|
|
Batting: RHB Jon Goldstein
|
0-0: Foul Ball, location: 2F 0-1: Foul Ball, location: 2F 0-2: Ball 1-2: Ground out 5-3 (Groundball, 25, EV 89.4 MPH)
|
|
Batting: SHB Willie Medina
|
0-0: Called Strike 0-1: Ground out 5-3 (Groundball, 5, EV 98.8 MPH)
|
|
Batting: LHB George Moran
|
0-0: Ball 1-0: Ball 2-0: Ball 3-0: SINGLE (Groundball, 34D, EV 93.8 MPH)
|
|
Batting: RHB Dave Calder
|
0-0: Fly out, F8 (Flyball, 89M, EV 70.6 MPH)
|
| Bottom of the 4th over - 0 runs, 1 hit, 0 errors, 1 left on base; Lake County 0 - West Michigan 0 |
| TOP OF THE 5TH |
|
Lake County Captains batting - Pitching for West Michigan Whitecaps : RHP Dale Gilbert
|
|
Batting: RHB Shane Smith
|
0-0: Called Strike 0-1: Swinging Strike 0-2: Ball 1-2: Ball 2-2: Strikes out swinging
|
|
Batting: RHB Vij Ramamani
|
0-0: Ball 1-0: Called Strike 1-1: Called Strike 1-2: Ball 2-2: Strikes out looking
|
|
Batting: RHB Gashie Chimsima
|
0-0: Foul Ball, location: 2F 0-1: Ball 1-1: Ball 2-1: Ball 3-1: Ground out 4-3 (Groundball, 4, EV 83.8 MPH)
|
| Top of the 5th over - 0 runs, 0 hits, 0 errors, 0 left on base; Lake County 0 - West Michigan 0 |
| BOTTOM OF THE 5TH |
|
West Michigan Whitecaps batting - Pitching for Lake County Captains : RHP Gilbert Paparelli
|
|
Batting: LHB Brad Gaskill
|
0-0: Called Strike 0-1: SOLO HOME RUN (Flyball, 89XD, EV 103.8 MPH), Distance : 407 ft
|
|
Batting: SHB Chris Wagler
|
0-0: Called Strike 0-1: Ball 1-1: SINGLE (Groundball, 34D, EV 95.0 MPH)
|
|
Batting: RHB Tony Nunez
|
0-0: SINGLE (Groundball, 56D, EV 94.4 MPH) Chris Wagler to second
|
|
Batting: RHB Jamie Villagrana
|
0-0: Ball 1-0: Swinging Strike 1-1: Ball 2-1: Ball 3-1: Base on Balls Chris Wagler to third Tony Nunez to second
|
|
Batting: RHB Ernst Meloche
|
0-0: Ball 1-0: Ball 2-0: Grounds into double play, 6-4-3 (Groundball, 6, EV 91.2 MPH) Chris Wagler scores Tony Nunez to third
|
|
Batting: RHB Jon Goldstein
|
0-0: Ground out 5-3 (Groundball, 56S, EV 80.6 MPH)
|
| Bottom of the 5th over - 2 runs, 3 hits, 0 errors, 1 left on base; Lake County 0 - West Michigan 2 |
| TOP OF THE 6TH |
|
Lake County Captains batting - Pitching for West Michigan Whitecaps : RHP Dale Gilbert
|
|
Batting: RHB Steve Gusman
|
0-0: SINGLE (Groundball, 34S, EV 66.9 MPH) (infield hit)
|
|
Batting: RHB David Schweitzer
|
0-0: Ball 1-0: Swinging Strike 1-1: Foul Ball, location: 2F 1-2: Strikes out looking
|
|
Pitching: LHP Jesse Turner
|
|
|
Batting: LHB Devon Grant
|
0-0: Ball 1-0: Grounds into double play, 5-4-3 (Groundball, 5, EV 85.6 MPH)
|
| Top of the 6th over - 0 runs, 1 hit, 0 errors, 0 left on base; Lake County 0 - West Michigan 2 |
| BOTTOM OF THE 6TH |
|
West Michigan Whitecaps batting - Pitching for Lake County Captains : RHP Gilbert Paparelli
|
|
Batting: SHB Willie Medina
|
0-0: Swinging Strike 0-1: Ground out 5-3 (Groundball, 56, EV 104.4 MPH)
|
|
Batting: LHB George Moran
|
0-0: Swinging Strike 0-1: Ball 1-1: Swinging Strike 1-2: Strikes out swinging
|
|
Batting: RHB Dave Calder
|
0-0: Ball 1-0: Foul Ball, location: 2F 1-1: Foul Ball, location: 2F 1-2: Fly out, F8 (Flyball, 8LM, EV 85.6 MPH)
|
| Bottom of the 6th over - 0 runs, 0 hits, 0 errors, 0 left on base; Lake County 0 - West Michigan 2 |
| TOP OF THE 7TH |
|
Lake County Captains batting - Pitching for West Michigan Whitecaps : LHP Jesse Turner
|
|
Batting: LHB Danny Moreno
|
0-0: Ball 1-0: Called Strike 1-1: Fly out, F9 (Flyball, 9D, EV 88.8 MPH)
|
|
Batting: RHB Ricky Butts
|
0-0: Foul Ball, location: 2F 0-1: SINGLE (Flyball, 7S, EV 92.5 MPH)
|
|
Batting: RHB Josh Stinnett
|
0-0: Ball 1-0: SINGLE (Groundball, 56S, EV 66.9 MPH) (infield hit) Ricky Butts to second
|
|
Batting: RHB Shane Smith
|
0-0: Called Strike 0-1: Called Strike 0-2: Ball 1-2: Strikes out swinging
|
|
Batting: RHB Vij Ramamani
|
0-0: Ground out 4-3 (Groundball, 4, EV 108.8 MPH)
|
| Top of the 7th over - 0 runs, 2 hits, 0 errors, 2 left on base; Lake County 0 - West Michigan 2 |
| BOTTOM OF THE 7TH |
|
West Michigan Whitecaps batting - Pitching for Lake County Captains : RHP Gilbert Paparelli
|
|
Batting: LHB Brad Gaskill
|
0-0: Fly out, F9 (Flyball, 89S, EV 89.4 MPH)
|
|
Batting: SHB Chris Wagler
|
0-0: Ball 1-0: Foul Ball, location: 2F 1-1: Foul Ball, location: 2F 1-2: Strikes out swinging, 2-3 out at first.
|
|
Batting: RHB Tony Nunez
|
0-0: Ball 1-0: Foul Ball, location: 2F 1-1: SOLO HOME RUN (Flyball, 78XD, EV 99.4 MPH), Distance : 410 ft
|
|
Batting: RHB Jamie Villagrana
|
0-0: Ball 1-0: Ball 2-0: Called Strike 2-1: Foul Ball, location: 2F 2-2: Strikes out looking
|
| Bottom of the 7th over - 1 run, 1 hit, 0 errors, 0 left on base; Lake County 0 - West Michigan 3 |
| TOP OF THE 8TH |
|
Lake County Captains batting - Pitching for West Michigan Whitecaps : LHP Jesse Turner
|
|
Batting: RHB Gashie Chimsima
|
0-0: Ball 1-0: Foul Ball, location: 2F 1-1: Ball 2-1: Ball 3-1: Ground out 4-3 (Groundball, 4, EV 90.6 MPH)
|
|
Batting: RHB Steve Gusman
|
0-0: Ball 1-0: Foul Ball, location: 2F 1-1: Foul Ball, location: 2F 1-2: Strikes out swinging
|
|
Batting: RHB David Schweitzer
|
0-0: Ball 1-0: Foul Ball, location: 2F 1-1: Ball 2-1: Ball 3-1: Base on Balls
|
|
Batting: LHB Devon Grant
|
0-0: Called Strike 0-1: Called Strike 0-2: Ball 1-2: Ball 2-2: Ground out 4-3 (Groundball, 3, EV 85.0 MPH)
|
| Top of the 8th over - 0 runs, 0 hits, 0 errors, 1 left on base; Lake County 0 - West Michigan 3 |
| BOTTOM OF THE 8TH |
|
West Michigan Whitecaps batting - Pitching for Lake County Captains : RHP Gilbert Paparelli
|
|
Batting: RHB Ernst Meloche
|
0-0: Swinging Strike 0-1: Ground out 5-3 (Groundball, 56, EV 83.1 MPH)
|
|
Batting: RHB Jon Goldstein
|
0-0: Ball 1-0: Ball 2-0: Called Strike 2-1: SINGLE (Line Drive, 8RS, EV 98.1 MPH)
|
|
Batting: SHB Willie Medina
|
0-0: Ball 1-0: Foul Ball, location: 2F 1-1: Ball Jon Goldstein steals 2nd base 2-1: Foul Ball, location: 2F 2-2: Ball 3-2: Ground out 5-3 (Groundball, 5, EV 87.5 MPH)
|
|
Batting: LHB George Moran
|
0-0: Called Strike 0-1: Foul Ball, location: 2F 0-2: Foul Ball, location: 2F 0-2: Strikes out swinging
|
| Bottom of the 8th over - 0 runs, 1 hit, 0 errors, 1 left on base; Lake County 0 - West Michigan 3 |
| TOP OF THE 9TH |
|
Lake County Captains batting - Pitching for West Michigan Whitecaps : LHP Jesse Turner
|
|
Pitching: RHP Tony Kepp
|
|
|
Batting: LHB Danny Moreno
|
0-0: Called Strike 0-1: Ball 1-1: Foul Ball, location: 2F 1-2: Foul Ball, location: 2F 1-2: Ball 2-2: Foul Ball, location: 2F 2-2: Ground out 5-3 (Groundball, 5, EV 81.2 MPH)
|
|
Batting: RHB Ricky Butts
|
0-0: Ball 1-0: Ball 2-0: Called Strike 2-1: Ground out 3-1 (Groundball, 13, EV 81.2 MPH)
|
|
Batting: RHB Josh Stinnett
|
0-0: Ball 1-0: Ball 2-0: Ground out 4-3 (Groundball, 4S, EV 85.6 MPH)
|
| Top of the 9th over - 0 runs, 0 hits, 0 errors, 0 left on base; Lake County 0 - West Michigan 3 |
|